Map: Tuonela LE

Players

Wanamingo

  • Race: Protoss Protoss
  • Spawn Location: 6:00

DargOOn

  • Race: Protoss Protoss
  • League: Master
  • Spawn Location: 5:00

adriancarax

  • Race: Terran Terran
  • Spawn Location: 5:00

DUYHUNG

  • Race: Protoss Protoss
  • League: Silver
  • Spawn Location: 3:00

MicroJFox - Winner!

  • Race: Protoss Protoss
  • League: Bronze
  • Spawn Location: 11:00

DSTittyBang - Winner!

  • Race: Protoss Protoss
  • Spawn Location: 11:00

Kerrrigan - Winner!

  • Race: Zerg Zerg
  • Spawn Location: 9:00

Kisouri - Winner!

  • Race: Protoss Protoss
  • Spawn Location: 12:00

VOD

Have the link to the VOD?

Description

Time

  • Played on: May 7, 2022, 6:10 p.m.
  • Length: 13:33
Show
View Real Time Build Order
Export as new Build Order

Wanamingo Protoss 

Build Orders: Nexus First, Oracle Opening 

Get SALT Encoding   

  12  0:00  Probe  
  13  0:12  Probe  
  14  0:17  Pylon  
  14  0:25  Probe (Chrono Boost)  
  16  0:37  Probe (Chrono Boost)  
  16  0:42  Probe (Chrono Boost)  
  17  0:58  Nexus  
  17  1:07  Gateway  
  17  1:13  Assimilator  
  17  1:18  Assimilator  
  17  1:22  Probe (Chrono Boost)  
  18  1:26  Assimilator  
  18  1:31  Probe (Chrono Boost)  
  19  1:36  Probe (Chrono Boost)  
  20  1:48  Probe  
  21  1:57  Cybernetics Core  
  21  2:00  Probe (Chrono Boost)  
  22  2:11  Probe (Chrono Boost)  
  22  2:12  Probe (Chrono Boost)  
  24  2:19  Probe x2 (Chrono Boost)  
  26  2:24  Probe (Chrono Boost)  
  27  2:33  Stargate  
  27  2:36  Stargate  
  27  2:39  Probe x2  
  29  2:50  Pylon  
  29  2:51  Probe x2  
  31  3:03  Probe x2  
  33  3:15  Probe x2, Oracle (Chrono Boost)  
  33  3:18  Oracle (Chrono Boost)  
  41  3:24  Pylon  
  41  3:27  Probe x2  
  43  3:39  Probe  
  43  3:40  Probe  
  45  3:54  Pylon  
  45  3:55  Probe, Assimilator, Void Ray  
  54  3:56  Void Ray  
  54  4:04  Pylon  
  54  4:12  Probe x2  
  56  4:24  Probe  
  46  4:38  Void Ray  
  43  5:45  Phoenix x2  
  47  6:30  Protoss Air Weapons Level 1  
  43  8:07  Void Ray x2  
  38  8:37  Protoss Air Armor Level 1  
  42  8:50  Void Ray  
  17  9:58  Void Ray  
  17  10:29  Stalker  
  19  10:59  Stalker  
Show
View Real Time Build Order
Export as new Build Order

DargOOn Protoss 

Build Orders:  

Get SALT Encoding   

  12  0:11  Pylon  
  12  0:14  Probe  
  13  0:35  Gateway  
  13  0:41  Probe  
  14  0:45  Assimilator  
  14  1:12  Pylon  
  14  2:04  Nexus  
  14  2:10  Pylon  
  14  2:18  Nexus  
  14  2:25  Probe (Chrono Boost)  
  15  2:35  Probe (Chrono Boost)  
  16  2:40  Probe (Chrono Boost)  
  17  2:50  Assimilator  
  17  2:55  Assimilator  
  17  3:00  Pylon  
  17  3:02  Pylon  
  17  3:14  Cybernetics Core  
  17  3:20  Forge  
  17  3:35  Cybernetics Core  
  17  3:46  Probe x3  
  20  3:58  Probe  
  20  3:59  Probe x2  
  23  4:10  Probe  
  23  4:11  Probe x2  
  26  4:22  Probe  
  26  4:23  Probe  
  28  4:28  Probe  
  29  4:32  Protoss Ground Weapons Level 1  
  29  4:34  Probe  
  29  4:35  Probe  
  31  4:40  Probe  
  32  5:21  Robotics Facility  
  32  5:29  Photon Cannon  
  32  5:31  Shield Battery  
  32  5:34  Shield Battery  
  32  5:38  Pylon  
  32  6:12  Immortal  
  32  6:16  Gateway  
  36  6:25  Warp Gate (Chrono Boost)  
  36  6:36  Nexus  
  36  6:38  Protoss Shields Level 1  
  36  6:41  Probe (Chrono Boost)  
  36  6:42  Probe x2 (Chrono Boost)  
  39  6:53  Probe (Chrono Boost)  
  39  6:54  Probe (Chrono Boost)  
  42  6:59  Probe (Chrono Boost)  
  42  7:01  Probe x2 (Chrono Boost)  
  44  7:05  Probe, Immortal  
  44  7:07  Probe x2  
  49  7:12  Protoss Air Armor Level 1 (Chrono Boost), Zealot  
  53  7:17  Probe  
  53  7:19  Probe x2  
  57  7:30  Probe  
  57  7:33  Pylon  
  57  7:34  Pylon  
  57  7:36  Pylon  
  57  7:39  Pylon  
  57  7:40  Zealot  
  57  7:43  Warp Prism  
  61  8:07  Zealot  
  61  8:09  Protoss Air Weapons Level 1 (Chrono Boost)  
  64  8:20  Observer  
  64  8:39  Protoss Ground Armor Level 1  
  65  8:41  Observer (Chrono Boost)  
  66  8:48  Probe  
  66  8:53  Assimilator  
  66  8:54  Observer (Chrono Boost)  
  67  8:57  Assimilator  
  67  9:00  Probe  
  68  9:02  Robotics Bay  
  68  9:08  Gateway x2  
  68  9:10  Gateway  
  68  9:11  Forge  
  68  9:12  Probe  
  68  9:16  Photon Cannon  
  69  9:21  Shield Battery  
  69  9:24  Probe  
  70  9:32  Probe x2  
  70  9:33  Probe  
  70  9:37  Probe  
  74  9:44  Probe  
  74  9:45  Probe x2  
  77  9:49  Probe  
  78  9:56  Probe  
  77  10:16  Stalker x3  
  77  10:17  Stalker x2  
Show
View Real Time Build Order
Export as new Build Order

adriancarax Terran 

Build Orders:  

Get SALT Encoding   

  12  0:02  SCV  
  13  0:14  SCV  
  14  0:26  SCV  
  15  0:36  Supply Depot  
  15  0:40  Supply Depot  
  15  0:43  Supply Depot  
  15  1:18  Refinery  
  15  1:20  SCV  
  16  1:27  Refinery  
  16  1:32  SCV  
  17  1:33  Engineering Bay  
  17  1:44  SCV  
  18  1:56  SCV  
  19  2:09  SCV  
  20  2:21  SCV  
  20  2:22  Barracks  
  21  2:25  Barracks  
  21  2:30  Barracks  
  21  2:33  SCV  
  21  2:34  Terran Infantry Weapons Level 1  
  22  2:45  SCV  
  23  2:57  SCV  
  24  3:10  Orbital Command  
  24  3:15  Barracks Reactor  
  24  3:17  Barracks Reactor  
  24  3:20  Barracks Reactor  
  24  3:28  Factory  
  24  4:09  Reaper  
  25  4:10  Reaper  
  25  4:11  Reaper  
  25  4:12  Reaper x2  
  25  4:15  Reaper, Sensor Tower  
  30  4:22  Command Center  
  30  4:23  Factory Tech Lab  
  30  4:51  Missile Turret  
  30  5:07  Marine x6  
  30  5:12  Missile Turret  
  36  5:18  Siege Tank  
  39  5:24  Terran Infantry Armor Level 1, Marine  
  39  5:25  Marine x5  
  45  5:42  Marine x2  
  45  5:43  Marine x4  
  51  6:00  Marine x3  
  51  6:01  Marine x3  
  51  6:32  Siege Tank  
  54  6:39  Starport  
  54  6:47  SCV  
  55  6:54  SCV  
  55  6:59  SCV  
  57  7:06  SCV  
  58  7:10  Refinery  
  58  7:11  SCV  
  59  7:17  Refinery  
  59  7:18  SCV  
  59  7:19  Armory  
  60  7:23  SCV  
  61  7:30  SCV  
  61  7:32  Starport Reactor  
  61  7:35  Marine x3, SCV  
  61  7:36  Marine x3  
  69  7:43  SCV, Siege Tank  
  73  7:47  SCV  
  74  7:53  Marine x4  
  78  8:03  Supply Depot  
  78  8:07  Supply Depot  
  78  8:10  Supply Depot  
  78  8:13  Supply Depot  
  78  8:19  Orbital Command  
  78  8:24  Marine x6  
  78  8:25  Medivac  
  86  8:28  Medivac  
  88  8:42  Marine x6  
  94  8:55  Medivac  
  96  8:57  SCV  
  96  8:58  Medivac  
  96  9:00  Marine x5  
  104  9:03  Terran Vehicle Weapons Level 1  
  104  9:05  Terran Infantry Weapons Level 2  
  104  9:09  SCV  
  105  9:11  Armory  
  105  9:22  SCV  
  106  9:25  Medivac  
  106  9:28  Viking  
  110  9:46  Missile Turret  
  110  9:55  Viking  
  110  9:58  Viking  
  114  10:00  Armory  
  114  10:03  Starport  
  114  10:06  Starport  
  46  11:35  Starport Reactor  
  46  11:41  Viking  
  46  11:42  Viking  
  50  11:51  Starport Reactor  
  50  12:08  Supply Depot  
  50  12:10  Marine  
  50  12:11  Viking, Marine x5  
  50  12:12  Viking  
  59  12:24  Viking x2  
  59  12:28  Marine x2  
  59  12:29  Marine x4  
  69  12:32  Viking  
  69  12:33  Viking  
  73  12:41  Viking x2  
  77  12:46  Marine x3  
  77  12:47  Marine x3  
  89  12:54  Viking x2  
  93  12:58  Supply Depot  
  93  13:01  Supply Depot  
  93  13:04  Marine x4  
  102  13:05  Supply Depot  
  102  13:09  Supply Depot  
  102  13:11  Supply Depot  
  48  13:22  Command Center  
Show
View Real Time Build Order
Export as new Build Order

DUYHUNG Protoss 

Build Orders:  

Get SALT Encoding   

  12  0:01  Probe  
  13  0:13  Probe  
  14  0:20  Pylon  
  14  0:25  Probe  
  15  0:38  Probe  
  16  0:50  Probe  
  17  1:02  Probe  
  18  1:06  Nexus  
  18  1:14  Probe  
  19  1:19  Forge  
  19  1:26  Probe  
  19  1:32  Gateway  
  20  1:38  Probe  
  21  1:47  Assimilator  
  21  1:50  Assimilator  
  21  2:07  Pylon  
  21  2:15  Pylon  
  21  2:19  Probe  
  21  2:20  Probe  
  23  2:32  Probe x2  
  23  2:34  Photon Cannon  
  25  2:39  Photon Cannon  
  25  2:44  Probe x2  
  27  2:56  Probe x2  
  27  2:57  Photon Cannon  
  29  3:00  Photon Cannon  
  29  3:12  Pylon  
  29  3:20  Cybernetics Core  
  29  3:24  Cybernetics Core  
  29  3:30  Probe x2  
  31  3:42  Probe x2  
  33  4:05  Nexus  
  33  4:10  Pylon  
  33  4:12  Robotics Facility  
  33  4:16  Pylon  
  33  4:21  Photon Cannon  
  33  4:25  Shield Battery  
  33  4:29  Photon Cannon  
  33  4:43  Photon Cannon  
  33  4:46  Photon Cannon  
  33  4:47  Protoss Air Armor Level 1  
  33  4:48  Protoss Air Weapons Level 1  
  33  4:53  Stargate  
  33  4:56  Stargate  
  33  4:59  Pylon  
  33  5:12  Nexus  
  33  5:15  Assimilator  
  33  5:17  Assimilator  
  33  5:32  Pylon  
  33  5:37  Twilight Council  
  32  5:46  Assimilator  
  32  5:49  Assimilator  
  32  6:02  Nexus  
  32  6:06  Stargate  
  32  6:09  Stargate  
  32  6:18  Void Ray x2  
  40  6:23  Pylon x2  
  40  6:24  Pylon  
  40  6:25  Pylon  
  40  6:31  Probe  
  41  6:34  Probe  
  42  6:43  Probe, Assimilator  
  42  6:46  Probe  
  44  6:48  Assimilator  
  44  6:55  Probe  
  44  6:56  Assimilator  
  44  6:58  Assimilator  
  44  7:01  Probe  
  46  7:13  Probe  
  46  7:15  Stargate x2  
  47  7:21  Stargate  
  47  7:25  Probe  
  47  7:27  Forge  
  47  7:29  Templar Archives  
  48  7:34  Fleet Beacon  
  48  7:37  Probe  
  48  7:42  Robotics Bay  
  49  7:49  Probe  
  50  8:01  Probe  
  50  8:05  Probe  
  52  8:12  Charge  
  52  8:13  Probe  
  52  8:17  Probe  
  52  8:19  Protoss Shields Level 1, Protoss Ground Armor Level 1  
  54  8:26  Probe  
  55  8:27  Forge  
  55  8:28  Psionic Storm  
  55  8:30  Gravitic Boosters  
  55  8:34  Anion Pulse-Crystals  
  55  8:38  Probe  
  56  8:59  Protoss Ground Weapons Level 1, Protoss Air Weapons Level 2  
  56  9:27  Gravitic Drive  
  56  9:36  Protoss Air Armor Level 2  
  56  9:39  Flux Vanes  
  56  9:40  Nexus  
  56  9:46  Pylon  
  56  9:51  Pylon  
  56  9:59  Pylon  
  56  10:09  Photon Cannon  
  56  10:24  Extended Thermal Lance  
  56  10:43  Photon Cannon  
  56  10:46  Photon Cannon  
  56  10:49  Shield Battery  
  56  10:53  Photon Cannon  
  56  11:12  Pylon  
  50  11:20  Pylon  
  50  11:23  Pylon  
  50  11:26  Pylon  
  50  11:31  Pylon  
  61  11:59  Photon Cannon  
  43  12:16  Unknown  
Show
View Real Time Build Order
Export as new Build Order

MicroJFox Protoss - Winner!

Build Orders: 1 Gate Expand, Oracle Opening, Carriers 

Get SALT Encoding   

  12  0:01  Probe  
  13  0:13  Probe  
  14  0:19  Pylon  
  14  0:25  Probe  
  15  0:37  Probe  
  15  0:40  Gateway  
  16  0:48  Assimilator  
  16  0:49  Probe (Chrono Boost)  
  17  1:01  Probe (Chrono Boost)  
  18  1:09  Probe (Chrono Boost)  
  19  1:16  Probe  
  20  1:28  Probe  
  21  1:33  Nexus  
  21  1:40  Probe  
  22  2:02  Cybernetics Core, Probe (Chrono Boost)  
  22  2:08  Assimilator  
  23  2:09  Pylon  
  23  2:27  Probe  
  24  2:39  Probe  
  24  2:43  Stargate  
  25  2:51  Probe x2  
  25  2:55  Assimilator  
  25  2:57  Pylon, Stalker  
  29  3:03  Probe  
  30  3:06  Probe  
  30  3:10  Assimilator  
  31  3:13  Protoss Air Weapons Level 1 (Chrono Boost)  
  31  3:15  Probe  
  32  3:21  Probe  
  32  3:27  Stalker, Forge  
  32  3:28  Probe  
  32  3:29  Oracle (Chrono Boost)  
  38  3:37  Probe  
  39  3:45  Probe  
  40  3:49  Probe  
  40  3:55  Pylon  
  41  3:57  Probe  
  41  3:58  Pylon  
  41  4:01  Probe  
  43  4:08  Photon Cannon  
  43  4:09  Probe  
  44  4:14  Void Ray (Chrono Boost)  
  44  4:16  Probe  
  49  4:23  Probe  
  50  4:31  Probe  
  51  4:39  Probe  
  51  4:43  Probe  
  51  4:45  Photon Cannon  
  53  4:51  Probe  
  54  4:55  Probe  
  54  4:56  Void Ray (Chrono Boost)  
  59  5:03  Probe  
  60  5:08  Probe  
  60  5:09  Protoss Shields Level 1 (Chrono Boost)  
  60  5:11  Pylon  
  61  5:15  Probe  
  61  5:20  Probe  
  61  5:21  Nexus  
  63  5:26  Pylon  
  63  5:28  Probe, Assimilator  
  64  5:34  Probe  
  65  5:40  Probe  
  70  5:46  Probe  
  70  5:48  Void Ray  
  71  5:56  Probe, Protoss Air Armor Level 1 (Chrono Boost)  
  72  6:01  Fleet Beacon  
  72  6:03  Stargate  
  69  6:05  Probe  
  69  6:08  Probe  
  69  6:09  Photon Cannon  
  71  6:12  Shield Battery  
  71  6:18  Probe  
  72  6:20  Probe  
  72  6:24  Pylon  
  73  6:28  Shield Battery  
  73  6:30  Probe  
  73  6:32  Probe  
  79  6:40  Probe, Stargate  
  79  6:42  Probe  
  79  6:45  Probe  
  79  6:46  Assimilator  
  82  6:48  Void Ray (Chrono Boost)  
  88  6:57  Probe, Carrier (Chrono Boost)  
  89  7:01  Probe  
  89  7:02  Stargate  
  90  7:08  Probe  
  90  7:09  Probe  
  90  7:10  Twilight Council  
  90  7:13  Probe  
  93  7:20  Probe  
  94  7:29  Probe  
  95  7:34  Carrier (Chrono Boost)  
  95  7:36  Nexus  
  101  7:39  Pylon  
  101  7:42  Probe  
  102  7:46  Assimilator  
  102  7:47  Probe  
  102  7:49  Assimilator  
  109  7:54  Protoss Air Weapons Level 2  
  114  7:58  Tempest (Chrono Boost)  
  114  8:03  Probe, Pylon  
  114  8:04  Pylon  
  114  8:05  Carrier (Chrono Boost)  
  115  8:06  Probe  
  115  8:07  Shield Battery  
  115  8:08  Shield Battery  
  115  8:10  Photon Cannon  
  115  8:11  Probe  
  117  8:20  Pylon  
  117  8:23  Tempest (Chrono Boost)  
  126  8:33  Pylon  
  126  8:34  Void Ray (Chrono Boost)  
  126  8:38  Carrier (Chrono Boost)  
  132  8:47  Probe  
  133  8:56  Photon Cannon  
  133  8:58  Pylon  
  133  9:00  Photon Cannon  
  133  9:02  Photon Cannon, Tempest  
  138  9:03  Photon Cannon  
  138  9:07  Pylon  
  138  9:16  Void Ray  
  138  9:41  Void Ray (Chrono Boost)  
  138  9:44  Void Ray (Chrono Boost)  
  146  9:48  Void Ray (Chrono Boost)  
  146  9:50  Carrier (Chrono Boost)  
  152  10:10  Stargate  
  152  10:11  Carrier (Chrono Boost)  
  152  10:13  Pylon  
  164  10:15  Pylon  
  164  10:19  Carrier (Chrono Boost)  
  164  10:21  Void Ray (Chrono Boost)  
  156  10:27  Protoss Shields Level 2 (Chrono Boost)  
  162  10:47  Protoss Air Weapons Level 3 (Chrono Boost)  
  162  10:51  Carrier (Chrono Boost)  
  162  10:55  Photon Cannon, Carrier (Chrono Boost)  
  162  10:56  Pylon  
  168  10:58  Photon Cannon, Shield Battery  
  168  10:59  Photon Cannon  
  168  11:01  Pylon  
  174  11:05  Carrier (Chrono Boost)  
  178  11:13  Void Ray (Chrono Boost)  
  178  11:15  Carrier (Chrono Boost)  
  188  11:47  Void Ray  
  188  11:56  Carrier x2  
Show
View Real Time Build Order
Export as new Build Order

DSTittyBang Protoss - Winner!

Build Orders: Carriers 

Get SALT Encoding   

  12  0:00  Probe  
  13  0:13  Probe  
  14  0:19  Pylon  
  14  0:25  Probe  
  15  0:37  Probe  
  16  0:49  Probe (Chrono Boost)  
  17  0:50  Forge  
  17  0:59  Gateway  
  17  1:01  Probe (Chrono Boost)  
  18  1:05  Pylon  
  18  1:06  Probe (Chrono Boost)  
  19  1:11  Assimilator  
  19  1:17  Probe (Chrono Boost)  
  20  1:21  Assimilator  
  20  1:29  Probe (Chrono Boost)  
  21  1:34  Photon Cannon  
  21  1:36  Probe (Chrono Boost)  
  22  1:43  Probe  
  23  1:53  Pylon  
  23  1:55  Probe  
  24  2:11  Cybernetics Core  
  24  2:12  Photon Cannon  
  24  2:15  Probe  
  25  2:22  Photon Cannon  
  25  2:29  Pylon  
  25  2:46  Probe  
  26  2:59  Probe  
  27  3:11  Probe  
  28  3:23  Probe  
  29  3:35  Probe  
  30  5:44  Probe  
  31  5:53  Nexus  
  31  5:56  Probe, Assimilator  
  32  5:58  Assimilator  
  32  6:01  Pylon  
  32  6:04  Stargate  
  32  6:05  Pylon  
  32  6:09  Pylon  
  32  6:12  Pylon  
  32  6:20  Photon Cannon  
  32  6:26  Stargate  
  32  6:29  Shield Battery, Protoss Air Weapons Level 1 (Chrono Boost)  
  32  6:37  Stargate  
  32  6:39  Stargate  
  32  6:41  Pylon  
  32  6:44  Pylon  
  32  6:49  Photon Cannon  
  32  6:52  Photon Cannon  
  32  6:56  Photon Cannon, Shield Battery  
  32  6:58  Pylon  
  32  6:59  Shield Battery  
  32  7:02  Photon Cannon  
  32  7:09  Fleet Beacon  
  32  7:14  Probe  
  32  7:15  Probe  
  34  7:31  Probe x2  
  36  7:43  Probe x2  
  38  7:44  Pylon x2  
  38  7:49  Pylon  
  38  7:52  Pylon, Carrier  
  38  7:53  Carrier x2  
  56  8:09  Carrier  
  62  8:21  Protoss Air Armor Level 1 (Chrono Boost)  
  62  8:33  Pylon  
  62  8:35  Pylon  
  62  8:57  Carrier x2  
  74  10:13  Carrier x2  
  86  10:14  Carrier  
  92  10:30  Nexus  
  92  10:32  Assimilator  
  92  10:33  Assimilator  
  92  10:36  Pylon, Protoss Air Weapons Level 2 (Chrono Boost)  
  92  10:37  Pylon  
  92  10:40  Pylon  
  92  10:43  Probe x2  
  94  10:53  Carrier  
  100  11:03  Probe x2  
  102  11:15  Probe x2  
  104  11:27  Probe x2  
  106  11:39  Probe x2  
  108  11:46  Probe  
  109  11:47  Carrier  
  109  11:51  Probe  
  109  11:52  Probe  
  117  11:58  Probe  
  117  11:59  Carrier  
  124  12:13  Carrier  
  130  12:17  Probe x3  
  133  12:29  Probe x3  
  136  12:42  Probe  
  136  12:43  Probe  
  145  12:44  Probe  
  157  13:18  Robotics Facility  
Show
View Real Time Build Order
Export as new Build Order

Kerrrigan Zerg - Winner!

Build Orders: Hatch First, Swarm Host 

Get SALT Encoding   

  12  0:01  Drone  
  13  0:10  Drone  
  14  0:19  Overlord  
  14  0:37  Drone x3  
  17  0:50  Drone  
  18  0:58  Hatchery  
  18  1:02  Drone  
  18  1:10  Drone  
  19  1:22  Extractor  
  18  1:26  Drone, Spawning Pool  
  18  1:37  Drone  
  19  1:43  Drone  
  20  1:53  Hatchery  
  19  1:56  Drone  
  20  2:06  Overlord  
  20  2:17  Extractor  
  20  2:19  Queen  
  20  2:22  Drone  
  22  2:23  Drone  
  22  2:24  Drone  
  24  2:35  Drone x2  
  26  2:40  Metabolic Boost  
  26  2:48  Drone x3  
  29  2:55  Drone  
  29  2:57  Drone  
  31  3:01  Spore Crawler  
  31  3:03  Pneumatized Carapace  
  30  3:07  Drone  
  31  3:16  Burrow  
  31  3:17  Drone x2  
  31  3:19  Zergling x2  
  34  3:22  Drone  
  34  3:23  Drone  
  36  3:28  Spore Crawler  
  36  3:32  Drone  
  36  3:40  Drone  
  37  3:44  Overlord  
  37  3:45  Drone x2, Spore Crawler  
  38  3:49  Drone  
  39  3:56  Lair  
  39  3:57  Drone  
  39  4:01  Drone  
  41  4:04  Extractor  
  41  4:08  Drone x4  
  44  4:14  Spore Crawler  
  34  4:17  Spore Crawler  
  26  4:36  Drone x2  
  26  4:37  Drone  
  26  4:43  Drone x3  
  26  4:44  Drone  
  30  4:47  Drone  
  30  4:51  Drone  
  32  5:00  Hydralisk Den  
  32  5:01  Drone x3  
  32  5:04  Drone  
  35  5:12  Drone x3  
  38  5:21  Drone  
  38  5:22  Roach Warren  
  38  5:24  Queen  
  39  5:35  Zergling x2  
  39  5:36  Zergling x8  
  39  5:38  Queen  
  46  5:47  Zergling x2  
  46  5:48  Zergling x4  
  46  5:49  Drone x18  
  49  6:00  Zergling x4  
  50  6:09  Drone x6, Overlord x2  
  50  6:10  Overlord  
  49  6:19  Drone  
  49  6:23  Overlord x2  
  50  6:31  Drone x2  
  52  6:36  Drone x2  
  52  6:38  Hatchery  
  52  6:39  Drone x2  
  55  6:40  Extractor  
  54  6:50  Spore Crawler  
  54  6:51  Spine Crawler  
  54  6:53  Hydralisk x3  
  58  6:55  Drone  
  58  7:00  Drone x2  
  58  7:01  Drone  
  62  7:07  Drone  
  62  7:08  Drone x2  
  64  7:09  Roach  
  67  7:17  Infestation Pit  
  67  7:18  Glial Reconstitution, Muscular Augments  
  67  7:20  Drone x2  
  67  7:21  Drone  
  69  7:25  Evolution Chamber  
  68  7:30  Drone x2, Extractor x2  
  68  7:31  Drone x2  
  70  7:42  Baneling Nest  
  70  7:43  Drone x4  
  74  7:44  Drone  
  74  7:50  Spore Crawler  
  73  7:53  Spine Crawler  
  73  7:54  Drone  
  73  7:55  Drone x3  
  76  7:59  Zergling x2, Drone x2  
  76  8:04  Zerg Ground Armor Level 1  
  79  8:09  Evolution Chamber  
  78  8:15  Evolution Chamber  
  78  8:19  Drone x2  
  80  8:20  Drone, Hydralisk  
  80  8:21  Drone  
  80  8:22  Drone  
  84  8:29  Grooved Spines, Drone  
  84  8:30  Drone x6  
  91  8:37  Tunneling Claws  
  91  8:43  Spire  
  91  8:45  Drone x2  
  91  8:46  Drone, Spore Crawler  
  91  8:48  Drone x2  
  94  8:56  Drone x2  
  94  8:57  Hatchery  
  94  8:59  Baneling x2  
  94  9:00  Baneling x2  
  94  9:01  Centrifugal Hooks  
  95  9:03  Zerg Melee Weapons Level 1  
  95  9:10  Spine Crawler  
  95  9:11  Drone x2  
  95  9:12  Spore Crawler  
  95  9:14  Overlord x3  
  95  9:22  Spine Crawler, Queen  
  95  9:23  Spine Crawler  
  95  9:26  Spine Crawler  
  95  9:28  Spine Crawler  
  95  9:29  Spore Crawler  
  95  9:30  Swarm Host  
  95  9:32  Overlord  
  95  9:33  Overlord  
  95  9:34  Drone  
  95  9:35  Drone  
  97  9:39  Swarm Host  
  97  9:40  Swarm Host x2  
  97  9:43  Swarm Host  
  97  9:44  Drone  
  110  9:55  Swarm Host x4  
  110  9:57  Drone x4  
  110  9:58  Drone  
  127  10:00  Extractor  
  127  10:01  Extractor  
  125  10:08  Swarm Host x3  
  125  10:09  Overlord  
  134  10:18  Baneling x6  
  134  10:25  Zergling x2  
  134  10:26  Zergling x14  
  134  10:27  Zerg Missile Weapons Level 1  
  142  10:37  Overlord x4  
  142  10:38  Zergling x6  
  145  10:52  Overlord x2  
  145  10:53  Overlord, Overseer  
  145  11:08  Zergling x18, Swarm Host x4  
  145  11:09  Swarm Host x2  
  172  11:26  Zergling x2  
  172  11:27  Zergling x12  
  179  11:56  Zergling x16, Swarm Host  
  179  11:57  Swarm Host x3  
  194  12:14  Swarm Host x6  
  195  12:36  Evolution Chamber, Spine Crawler  
  192  12:45  Hatchery  
  192  12:49  Hatchery  
  186  13:00  Swarm Host  
  186  13:01  Swarm Host x3  
Show
View Real Time Build Order
Export as new Build Order

Kisouri Protoss - Winner!

Build Orders: Phoenix Opening, Carriers 

Get SALT Encoding   

  12  0:00  Probe  
  13  0:12  Probe  
  14  0:20  Pylon  
  14  0:24  Probe  
  15  0:38  Probe (Chrono Boost)  
  16  0:49  Probe (Chrono Boost)  
  17  0:54  Probe (Chrono Boost)  
  18  1:04  Probe  
  18  1:07  Nexus  
  19  1:16  Probe, Assimilator  
  20  1:20  Assimilator  
  20  1:29  Probe  
  21  1:35  Gateway  
  21  1:39  Pylon  
  21  1:42  Probe  
  22  1:54  Probe (Chrono Boost)  
  23  2:06  Probe (Chrono Boost)  
  24  2:13  Probe (Chrono Boost)  
  25  2:20  Probe x2 (Chrono Boost)  
  25  2:22  Cybernetics Core  
  27  2:32  Probe x2 (Chrono Boost)  
  29  2:38  Probe x2 (Chrono Boost)  
  31  2:46  Probe x2  
  31  2:47  Assimilator  
  31  2:48  Assimilator  
  33  2:51  Pylon  
  33  2:58  Probe  
  33  2:59  Probe  
  33  3:01  Stargate  
  33  3:04  Stargate  
  35  3:10  Probe  
  35  3:11  Probe  
  37  3:15  Forge  
  37  3:19  Pylon  
  37  3:22  Probe  
  37  3:23  Probe  
  39  3:35  Probe x2  
  41  3:47  Probe, Phoenix  
  41  3:48  Phoenix  
  46  3:49  Photon Cannon  
  46  3:54  Photon Cannon  
  46  3:59  Probe x2  
  48  4:08  Fleet Beacon  
  48  4:16  Phoenix  
  50  4:19  Phoenix  
  52  4:25  Stargate  
  54  4:55  Probe x2  
  54  5:03  Cybernetics Core  
  54  5:05  Pylon  
  54  5:06  Pylon  
  55  5:07  Probe x2, Pylon  
  56  5:19  Probe x2  
  56  5:20  Pylon, Nexus  
  58  5:25  Pylon  
  56  5:28  Pylon  
  56  5:29  Protoss Air Weapons Level 1 (Chrono Boost)  
  56  5:31  Probe x2  
  58  5:40  Tempest  
  58  5:41  Tempest  
  68  5:43  Probe x2  
  70  5:55  Tempest  
  75  6:07  Protoss Air Armor Level 1 (Chrono Boost)  
  75  6:24  Carrier x2  
  87  6:25  Pylon  
  87  6:27  Pylon  
  87  6:30  Photon Cannon, Probe  
  88  6:34  Probe x2  
  90  6:42  Probe  
  90  6:46  Probe x2  
  93  6:52  Carrier  
  99  6:54  Probe  
  100  7:08  Assimilator  
  100  7:09  Probe  
  100  7:10  Probe x2, Assimilator  
  100  7:12  Protoss Shields Level 1  
  103  7:21  Probe, Pylon  
  103  7:22  Probe x2, Pylon  
  106  7:34  Carrier  
  112  7:37  Probe  
  112  7:38  Probe x2  
  115  7:46  Nexus  
  115  7:49  Pylon  
  115  7:59  Stargate  
  115  8:02  Stargate  
  115  8:03  Protoss Air Weapons Level 2 (Chrono Boost)  
  115  8:04  Protoss Air Armor Level 2 (Chrono Boost)  
  115  8:14  Photon Cannon x2  
  115  8:16  Probe  
  115  8:17  Probe x2, Assimilator x2  
  118  8:23  Carrier  
  120  8:28  Probe  
  120  8:29  Probe x2  
  120  8:30  Carrier  
  120  8:31  Twilight Council  
  121  8:40  Probe  
  121  8:41  Probe  
  129  8:42  Probe, Carrier  
  130  8:52  Probe  
  130  8:53  Probe  
  130  8:54  Probe  
  139  9:04  Probe  
  139  9:07  Carrier  
  146  9:14  Pylon x2  
  146  9:15  Pylon x2  
  146  9:21  Carrier  
  152  9:25  Carrier  
  158  9:41  Pylon  
  158  9:43  Nexus  
  158  9:47  Tempest  
  158  9:51  Probe x3  
  158  9:52  Probe  
  167  10:09  Protoss Shields Level 2 (Chrono Boost)  
  167  10:17  Protoss Air Armor Level 3 (Chrono Boost)  
  167  10:20  Protoss Air Weapons Level 3 (Chrono Boost)  
  167  10:28  Tempest  
  172  10:37  Tempest  
  177  10:45  Tempest  
  177  10:46  Assimilator  
  177  10:47  Assimilator  
  182  10:56  Tempest  
  187  11:01  Probe  
  187  11:02  Probe x2  
  187  11:09  Tempest  
  183  11:24  Probe x3  
  186  11:26  Unknown  
  186  11:28  Nexus  
  186  11:29  Pylon x2  
  186  11:36  Probe x2  
  186  11:37  Probe, Pylon  
  189  11:48  Probe  
  189  11:49  Probe  
  189  11:51  Tempest  
  196  12:20  Robotics Facility x2  
  196  13:19  Robotics Bay  
Tags
 
Add a new tag
Caveats
  • Supply blocks, unpowered buildings, or Contaminate may cause inaccurate times.
  • Supply counts are checked every 10 seconds.